Map: Ever Dream LE

Players

ShoWTimE

  • Race: Protoss Protoss
  • Spawn Location: 7:00

Serral - Winner!

  • Race: Zerg Zerg
  • League: Master
  • Spawn Location: 1:00

Event: DreamHack SC2 Masters 2020 Summer Europe

VOD

Have the link to the VOD?

Description

Time

  • Played on: July 7, 2020, 3:19 p.m.
  • Length: 7:47

All games in this series

Show
View Real Time Build Order
Export as new Build Order

ShoWTimE Protoss 

Build Orders: 1 Gate Expand, Oracle Opening, Phoenix Opening, Mass Phoenix 

Get SALT Encoding   

  12  0:00  Probe  
  13  0:12  Probe  
  14  0:18  Pylon  
  14  0:24  Probe  
  15  0:32  Probe  
  15  0:39  Gateway  
  15  0:40  Probe  
  16  0:46  Assimilator  
  17  0:51  Probe  
  18  1:03  Probe  
  19  1:15  Probe  
  20  1:23  Nexus  
  20  1:27  Probe  
  21  1:37  Cybernetics Core  
  21  1:41  Assimilator  
  21  1:45  Probe  
  22  1:52  Pylon  
  22  1:57  Probe  
  23  2:03  Adept  
  23  2:06  Probe  
  23  2:14  Probe  
  26  2:15  Stargate  
  27  2:25  Warp Gate, Probe  
  28  2:31  Probe  
  28  2:33  Adept  
  31  2:37  Probe  
  31  2:39  Probe  
  33  2:49  Probe x2  
  34  2:55  Phoenix  
  35  3:01  Probe x2  
  39  3:07  Pylon  
  39  3:13  Probe  
  39  3:14  Oracle, Probe  
  39  3:18  Gateway  
  41  3:25  Probe  
  41  3:26  Probe  
  46  3:27  Assimilator  
  46  3:29  Assimilator  
  46  3:37  Probe  
  46  3:38  Probe  
  48  3:45  Gateway  
  48  3:47  Stargate  
  48  3:49  Probe x2  
  48  3:51  Pylon  
  50  3:57  Probe  
  50  3:59  Pylon  
  50  4:01  Probe  
  52  4:06  Probe  
  52  4:09  Phoenix  
  55  4:14  Probe  
  55  4:15  Adept x2  
  60  4:23  Pylon  
  60  4:31  Phoenix  
  60  4:32  Phoenix  
  64  4:40  Adept x3  
  70  4:48  Pylon  
  70  4:50  Phoenix x2  
  74  5:12  Adept x3  
  80  5:14  Pylon  
  80  5:16  Phoenix x2  
  84  5:25  Pylon  
  84  5:33  Nexus  
  84  5:36  Pylon  
  84  5:45  Phoenix  
  84  5:46  Phoenix  
  88  5:54  Sentry x2  
  88  5:55  Probe x2  
  94  6:03  Phoenix  
  92  6:04  Phoenix  
  92  6:07  Probe  
  79  6:24  Robotics Facility, Zealot x3  
  85  6:28  Phoenix  
  85  6:29  Shield Battery  
  87  6:34  Shield Battery  
  87  6:35  Phoenix  
  87  6:47  Zealot x3  
  87  6:52  Pylon  
  87  6:53  Phoenix  
  91  7:00  Phoenix  
  89  7:06  Immortal  
  89  7:08  Stalker x3  
  74  7:32  Zealot  
  74  7:33  Zealot x2  
Show
View Real Time Build Order
Export as new Build Order

Serral Zerg - Winner!

Build Orders: Hatch First 

Get SALT Encoding   

  12  0:00  Drone  
  13  0:11  Overlord  
  13  0:16  Drone  
  14  0:30  Drone x2  
  16  0:47  Hatchery  
  15  0:50  Drone  
  15  0:54  Drone  
  17  0:57  Drone  
  18  1:08  Extractor  
  17  1:12  Spawning Pool  
  17  1:15  Drone  
  17  1:20  Drone  
  18  1:28  Drone  
  19  1:38  Drone  
  20  1:50  Overlord  
  20  1:59  Queen  
  20  2:00  Queen  
  20  2:01  Zergling x4  
  26  2:10  Drone x2  
  26  2:12  Metabolic Boost  
  28  2:21  Drone x2  
  30  2:34  Hatchery  
  30  2:36  Drone  
  30  2:40  Drone  
  31  2:44  Overlord  
  31  2:47  Drone  
  32  2:53  Drone x2  
  32  2:57  Queen  
  36  3:08  Drone x2  
  38  3:13  Drone x2, Overlord  
  38  3:18  Zergling x2  
  38  3:19  Zergling x2  
  41  3:25  Overlord  
  41  3:30  Overlord  
  41  3:35  Queen  
  43  3:43  Drone x3  
  43  3:44  Drone x2  
  43  3:46  Drone, Queen  
  51  3:48  Spore Crawler  
  51  3:49  Overlord  
  51  3:51  Drone  
  51  3:55  Drone x2  
  53  4:00  Spore Crawler  
  53  4:01  Zergling x2  
  53  4:02  Drone  
  54  4:05  Drone  
  54  4:07  Zergling x2  
  56  4:11  Zergling x2  
  56  4:12  Drone x3  
  60  4:19  Roach Warren  
  60  4:20  Drone x2  
  60  4:21  Drone x2  
  63  4:25  Zergling x2  
  64  4:36  Drone x3  
  64  4:37  Lair  
  66  4:40  Extractor  
  66  4:41  Zergling x4  
  66  4:42  Extractor  
  65  4:46  Drone x3  
  65  4:50  Overlord  
  68  4:53  Zergling x6  
  68  4:56  Overlord  
  71  5:04  Zergling x4  
  71  5:05  Zergling x2  
  71  5:06  Overlord x2  
  71  5:07  Overlord  
  73  5:11  Roach  
  73  5:17  Roach x3  
  73  5:20  Roach x2  
  73  5:21  Roach x3  
  89  5:23  Overlord  
  89  5:31  Spore Crawler  
  89  5:32  Queen  
  89  5:33  Queen  
  89  5:34  Evolution Chamber  
  91  5:40  Roach  
  91  5:41  Glial Reconstitution  
  91  5:52  Queen  
  91  5:54  Drone x3  
  96  6:03  Zergling x2  
  96  6:04  Zergling x14  
  104  6:08  Queen  
  104  6:10  Nydus Network  
  104  6:11  Overlord  
  100  6:14  Overlord x2  
  100  6:19  Overlord  
  98  6:29  Overlord, Queen x2  
  98  6:30  Overseer  
  102  6:37  Zergling x12  
  108  6:44  Queen  
  107  6:49  Zergling x12  
  108  6:57  Nydus Canal  
  104  7:04  Queen x2, Zergling x10  
  108  7:10  Roach x2  
Tags
 
Add a new tag
Caveats
  • Supply blocks, unpowered buildings, or Contaminate may cause inaccurate times.
  • Supply counts are checked every 10 seconds.